 Dungeon Crawl Stone Soup version 0.18.1-50-g88ac8fd (webtiles) character file.

291 lorenzova the Skirmisher (level 6, -5/51 HPs)
             Began as a Merfolk Skald on Oct 18, 2016.
             Was an Initiate of Yredelemnul.
             Slain by an ogre
             ... wielding a +0 giant spiked club
              (11 damage)
             ... on level 4 of the Dungeon.
             The game lasted 00:06:50 (3280 turns).

lorenzova the Skirmisher (Merfolk Skald)            Turns: 3280, Time: 00:06:50

Health: -5/51      AC:  8    Str: 14    XL:     6   Next: 32%
Magic:  2/9        EV: 13    Int: 11    God:    Yredelemnul [......]
Gold:   109        SH:  0    Dex: 14    Spells: 2 memorised, 6 levels left

rFire  . . .     SeeInvis .     y - +0 spear
rCold  . . .     Gourm    .     t - +0 ring mail
rNeg   . . .     Faith    .     (no shield)
rPois  .         Spirit   .     j - +2 helmet
rElec  .         Dismiss  .     (no cloak)
rCorr  .         Reflect  .     (no gloves)
SustAt .         Harm     .     (no boots)
MR     .....                    (no amulet)
Stlth  +.........               (no ring)
                                (no ring)

@: infused, not resistant to hostile enchantments, very unstealthy
A: change form in water, swift swim
a: Renounce Religion


You were on level 4 of the Dungeon.
You worshipped Yredelemnul.
Yredelemnul was noncommittal.
You were hungry.

You visited 1 branch of the dungeon, and saw 4 of its levels.

You collected 109 gold pieces.

Inventory:

Hand Weapons
 y - a +0 spear (weapon)
Missiles
 a - a throwing net (quivered)
Armour
 b - a +0 leather armour
 j - a +2 helmet (worn)
 t - a +0 ring mail (worn)
Wands
 v - a wand of random effects (20/48)
Scrolls
 e - 4 scrolls of identify {unknown}
 f - a scroll of random uselessness {unknown}
 k - a scroll of fear {unknown}
 l - 2 scrolls of fog {unknown}
 n - 2 scrolls of immolation {unknown}
 o - a scroll of enchant armour {unknown}
 p - a scroll of enchant weapon {unknown}
 r - a scroll of magic mapping {unknown}
 s - a scroll of blinking {unknown}
 x - a scroll of teleportation {unknown}
Potions
 g - a potion of degeneration {unknown}
 h - 2 potions of curing {unknown}
 i - a potion of flight {unknown}
 q - 2 potions of heal wounds {unknown}
 u - a potion of might {unknown}
 w - a potion of haste {unknown}
Books
 c - a book of Battle

   Spells                             Type                      Level
   a - Infusion                       Charms                       1
   b - Shroud of Golubria             Charms/Translocation         2
   c - Song of Slaying                Charms                       2
   d - Spectral Weapon                Hexes/Charms                 3
   e - Regeneration                   Charms/Necromancy            3
Comestibles
 d - 2 bread rations


   Skills:
 + Level 5.4 Fighting
 - Level 3.0 Polearms
 - Level 0.6 Armour
 + Level 5.4 Dodging
 - Level 2.0 Spellcasting
 - Level 3.2 Charms


You had 6 spell levels left.
You knew the following spells:

 Your Spells              Type           Power        Failure   Level  Hunger
a - Infusion              Chrm           #...         17%         1    ##.....
b - Song of Slaying       Chrm           #.......     28%         2    ###....


Dungeon Overview and Level Annotations

Branches:
Dungeon (4/15)
 Temple: D:4-7

Altars:
Ashenzari
Fedhas
Nemelex Xobeh
Ru
Sif Muna
Vehumet
Xom
Yredelemnul


Message History

The ogre is heavily wounded.
You hit the ogre.
The ogre is severely wounded.
The ogre hits you with a giant spiked club!!
You are feeling hungry.
You barely miss the ogre.
The ogre is severely wounded.
The ogre barely misses you.
You closely miss the ogre.
The ogre is severely wounded.
You hit the ogre.
The ogre is severely wounded.
The ogre hits you with a giant spiked club!!
* * * LOW HITPOINT WARNING * * *
You are too injured to fight recklessly!
You hit the ogre!
The ogre is almost dead.
The ogre hits you with a giant spiked club!
You die...
Your body rises from the dead as a mindless zombie.

#)).......
...###.#####...
.((.....).# #.##
....###.#.# #.# # b.
#.#.# #.# ### #.
#.#.###.#
....#.#########.#.....#
......O......>....#####
.......@.######.#.#
#.#.#.##.# #.#.# .. #.#
#.#.###### #. #.#
#.#....... # #.#
#.........
#.###############
#......<..# #########.#
#.#


You could see an ogre.

Vanquished Creatures
  The ghost of brutalsnowbear the Shooter, a weakling KoHu (D:3)
  An orc wizard (D:3)
  A worker ant (D:4)
  8 adders
  4 gnolls (D:3)
  A worm (D:2)
  2 dart slugs (D:3)
  4 giant geckos
  9 orcs
  2 giant cockroaches
  8 goblins
  10 hobgoblins
  2 jackals (D:3)
  9 kobolds
  A quokka (D:2)
  7 bats
  2 giant newts
  5 rats
77 creatures vanquished.

Notes
Turn   | Place    | Note
--------------------------------------------------------------
     0 | D:1      | lorenzova the Merfolk Skald began the quest for the Orb.
     0 | D:1      | Reached XP level 1. HP: 16/16 MP: 3/3
   107 | D:1      | Reached XP level 2. HP: 15/23 MP: 5/5
   123 | D:1      | Learned a level 2 spell: Song of Slaying
   547 | D:2      | Reached XP level 3. HP: 29/29 MP: 6/6
   554 | D:2      | Found a sparkling altar of Nemelex Xobeh.
   944 | D:2      | Reached XP level 4. HP: 24/37 MP: 2/7
  1611 | D:3      | Noticed brutalsnowbear's ghost (weakling KoHu)
  1642 | D:3      | Killed brutalsnowbear's ghost
  1642 | D:3      | Reached XP level 5. HP: 5/43 MP: 5/8
  1864 | D:3      | Found a deep blue altar of Sif Muna.
  1910 | D:3      | Found a shimmering altar of Xom.
  2161 | D:3      | Reached skill level 5 in Fighting
  2161 | D:3      | Reached skill level 5 in Dodging
  2186 | D:3      | Reached XP level 6. HP: 45/51 MP: 0/9
  2475 | D:3      | Found a radiant altar of Vehumet.
  2676 | D:3      | Found a blossoming altar of Fedhas.
  2704 | D:3      | Found a shattered altar of Ashenzari.
  2811 | D:3      | Found a basalt altar of Yredelemnul.
  2815 | D:3      | Became a worshipper of Yredelemnul the Dark
  2980 | D:4      | Found a sacrificial altar of Ru.
  3280 | D:4      | Slain by an ogre

Skill      XL: |  1  2  3  4  5 |
---------------+----------------+-----
Dodging        | 2 3 4 5 |  5.4
Fighting       | 3 4 5 |  5.4
Polearms       | |  3.0
Armour         | |  0.6
Spellcasting   | |  2.0
Charms         | |  3.2

Action                   |  1- 3 |  4- 6 || total
-------------------------+-------+-------++-------
Melee: Spear             |   150 |   267 ||   417
 Cast: Infusion          |     3 |     9 ||    12
       Song of Slaying   |       |     1 ||     1
 Stab: Sleeping          |     2 |       ||     2
  Eat: Chunk             |       |     3 ||     3
       Meat ration       |       |     1 ||     1
Armor: Leather armour    |    49 |     5 ||    54
       Ring mail         |       |    68 ||    68
Dodge: Dodged            |    69 |   144 ||   213
